 Dungeon Crawl Stone Soup version 0.32-a0-468-g38b2580584 (webtiles) character file.

Game seed: 16926933706809542043

12646 Asceticacid the Brawler (level 11, -4/89 HPs)
             Began as a Ghoul Gladiator on Feb 24, 2024.
             Was an Initiate of Gozag.
             Slain by a two-headed ogre
             ... wielding a +0 giant spiked club
              (25 damage)
             ... on level 1 of the Orcish Mines.
             The game lasted 00:17:55 (10963 turns).

Asceticacid the Brawler (Ghoul Gladiator)          Turns: 10963, Time: 00:17:56

Health: -4/89      AC:  8    Str: 19    XL:     11   Next: 96%
Magic:  11/11      EV: 15    Int:  7    God:    Gozag
Gold:   226        SH:  5    Dex: 14    Spells: 10/10 levels left

rFire   + +          .
                       - Unarmed
rCold   + + .        (no shield)
rNeg    + + +        x - +2 leather armour of the Forsaken Knaves {Regen+ rCorr Stlth-}
rPois   ∞            b - +0 helmet
rElec   +            a - +0 cloak
rCorr   +            (no gloves)
SInv    .            (no boots)
Will    .....        I - amulet of reflection
Stlth   ++           n - ring of protection from fire
HPRegen 0.00/turn    (no ring)
MPRegen 0.12/turn

%: reflection
@: resistant, inhibited regen
A: claws 1, cold resistance 1, negative energy resistance 3, inhibited
regeneration, torment resistance 2, devour on kill
a: Renounce Religion, Potion Petition, Call Merchant, Bribe Branch


You were on level 1 of the Orcish Mines.
You worshipped Gozag.
Gozag was aware of your devotion.
You visited 3 branches of the dungeon, and saw 15 of its levels.

You collected 2211 gold pieces.
You spent 252 gold pieces at shops.
You paid 1733 gold pieces to Gozag.

Inventory:

Missiles
 d - a javelin
Armour
 a - a +0 cloak (worn)
 b - a +0 helmet (worn)
 x - the +2 leather armour of the Forsaken Knaves (worn) {Regen+ rCorr Stlth-}
   (You found it on level 5 of the Dungeon)

   Regen+:    It increases your rate of health regeneration.
   rCorr:     It protects you from acid and corrosion.
   Stlth-:    It makes you less stealthy.
Jewellery
 n - a ring of protection from fire (left claw)
 I - an amulet of reflection (around neck)
Wands
 o - a wand of polymorph (8)
 q - a wand of flame (16)
 s - a wand of quicksilver (2)
Scrolls
 f - 2 scrolls of vulnerability
 g - a scroll of fog
 h - a scroll of torment {unknown}
 l - 4 scrolls of teleportation
 m - a scroll of blinking {unknown}
 p - 6 scrolls of immolation {unknown}
 t - a scroll of brand weapon {unknown}
 v - 3 scrolls of amnesia {unknown}
 y - a scroll of enchant weapon {unknown}
 B - 2 scrolls of enchant armour {unknown}
 F - 2 scrolls of summoning {unknown}
 G - a scroll of fear {unknown}
Potions
 e - a potion of brilliance
 i - 3 potions of curing
 j - a potion of mutation
 u - 4 potions of resistance
 w - 3 potions of attraction
 z - 2 potions of ambrosia
 A - 3 potions of might
 C - a potion of haste
 E - 2 potions of heal wounds
 H - a potion of enlightenment
 J - 2 potions of lignification {unknown}
Miscellaneous
 D - a phial of floods (inert)


   Skills:
 + Level 5.9 Fighting
 - Level 2.0 Throwing
 + Level 5.4 Armour
 + Level 7.4 Dodging
 + Level 4.7 Stealth
 + Level 0.8 Shields
 + Level 15.5 Unarmed Combat
 + Level 3.3 Evocations


You had 10 spell levels left.
You didn't know any spells.
Your spell library contained the following spells:

 Spells                   Type           Power      Damage    Failure   Level
 Apportation              Tloc           0%         N/A       47%         1
 Freeze                   Ice            0%         1d3       47%         1
 Static Discharge         Conj/Air       0%         3-3/arc   63%         2
 Frozen Ramparts          Ice            0%         1d1       85%         3
 Hailstorm                Conj/Ice       0%         3d5       85%         3
 Inner Flame              Hex/Fire       0%         N/A       85%         3
 Tukima's Dance           Hex            0%         N/A       85%         3
 Volatile Blastmotes      Fire/Tloc      0%         2d10      85%         3
 Airstrike                Air            0%         2d(0-16)  99%         4
 Dimensional Bullseye     Hex/Tloc       0%         N/A       99%         4
 Fulminant Prism          Conj/Alch      0%         3d5       99%         4
 Ignite Poison            Fire/Alch      0%         N/A       99%         4
 Iskenderun's Mystic Bla  Conj/Tloc      0%         2d3       99%         4
 Passage of Golubria      Tloc           0%         N/A       99%         4
 Summon Lightning Spire   Summ/Air       0%         N/A       99%         4


Dungeon Overview and Level Annotations

Branches:
Dungeon (12/15)            Temple (1/1) D:5            Lair (0/5) D:8
    Orc (2/2) D:11
    Elf: Orc:2

Altars:
Ashenzari
Cheibriados
Dithmenos
Fedhas
Gozag
Hepliaklqana
Kikubaaqudgha
Makhleb
Nemelex Xobeh
Okawaru
Qazlal
Ru
Sif Muna
Trog
Uskayaw
Vehumet
Wu Jian
Xom
Yredelemnul

Shops:
D:3 !   D:8 :(:   D:9 =   D:10 :   D:11 (

Annotations:
D:10 Urug


Innate Abilities, Weirdness & Mutations

You are immune to poison.
You have sharp fingernails.
Your flesh is cold resistant. (rC+)
You are immune to negative energy. (rN+++)
You do not regenerate when monsters are visible.
You are immune to unholy pain and torment.
You thrive by killing the living.


Message History

You now have 426 gold pieces (gained 18).
Things that are here:
a +0 giant spiked club; a +0 giant club You start resting.
Your extra speed is starting to run out.
You start resting.
You feel yourself slow down.
You start resting.
HP restored.
There is a stone staircase leading down here.
You climb downwards.
The two-headed ogre shouts in stereo!
You hear a shout!
The two-headed ogre completely misses you.
The two-headed ogre hits you with a +0 giant club!!
The kobold blastminer shoots an arrow.
The arrow barely misses you.
The arrow barely misses the two-headed ogre.
The kobold blastminer blasts its cannon at you.
The iron shot hits you!!
The kobold blastminer is knocked back by the blast.
There is a stone staircase leading up here.
You block the two-headed ogre's attack. The two-headed ogre closely misses you.
The kobold blastminer shoots an arrow.
The arrow hits you!
* * * LOW HITPOINT WARNING * * *
You hear a shout!
You hear two shouts!
You climb upwards.
There is a stone staircase leading down here. [a] - 288 gold - brilliance and magic [b] - 200 gold - resistance [c] - 506 gold - resistance, invisibility and might Purchase which effect?
You don't have enough gold for that! [a] - 288 gold - brilliance and magic [b] - 200 gold - resistance [c] - 506 gold - resistance, invisibility and might Purchase which effect?
You no longer have enough gold to petition Gozag for potion effects.
You feel protected.
The two-headed ogre hits you with a +0 giant spiked club!!
You die...
Your body crumbles into a pile of gold.

#.## # ##..## ##
###....## ###.
##.#.....# #...
##......^### #...
##..........######...
##.............##.#...
##..............#......
#....O@..#.............
#........#.#...........
##....)..####.......###
##.......## #..........#
#.......#####..........#
###.......##............
#.#..............#[....
###....)......####.....
#...........# ##.<..


You could see a two-headed ogre.

Vanquished Creatures
  Fannar (D:9)
  2 two-headed ogres
  A deep elf pyromancer (D:9)
  A manticore (D:11)
  4 orange demons (D:11)
  Maggie (D:10)
  An unseen horror (D:11)
  A kobold demonologist (D:11)
  A red devil (D:11)
  2 trolls (D:9)
  A shadow (D:9)
  7 yaks
  A wyvern (D:11)
  3 vampire mosquitoes (D:9)
  A wraith (D:11)
  4 steam dragons
  2 acid dragons
  A black bear (D:4)
  4 orc warriors
  3 sky beasts
  5 ogres
  4 centaurs
  A phantom (D:5)
  2 gnoll sergeants
  A bullfrog (D:6)
  2 scorpions (D:4)
  15 wights
  19 killer bees
  5 howler monkeys
  A bombardier beetle (D:2)
  A jelly (D:7)
  2 hounds
  9 orc priests
  Ijyb (D:4)
  14 orc wizards
  Natasha (D:2)
  3 iguanas
  13 gnolls
  7 adders
  A shadow imp (D:5)
  3 white imps
  2 ufetubi (D:5)
  2 ribbon worms
  4 dart slugs
  64 orcs
  5 endoplasms
  2 giant cockroaches
  6 goblins
  4 hobgoblins
  3 jackals (D:4)
  10 kobolds
  2 quokkas (D:3)
  8 ball pythons
  5 bats
  2 frilled lizards (D:3)
  3 rats
274 creatures vanquished.

Vanquished Creatures (others)
  An orc (D:8)
1 creature vanquished.

Grand Total: 275 creatures vanquished

Notes
Turn   | Place    | Note
-------+----------+-------------------------------------------
     0 | D:1      | Asceticacid the Ghoul Gladiator began the quest for the
                  | Orb.
     0 | D:1      | Reached XP level 1. HP: 17/17 MP: 1/1
    44 | D:1      | Reached XP level 2. HP: 21/24 MP: 2/2
   148 | D:1      | Got Ocsa's Octavo of Glowing Peregrination
   785 | D:2      | Noticed a bombardier beetle
   791 | D:2      | Killed a bombardier beetle
   792 | D:2      | Reached skill level 4 in Unarmed Combat
   792 | D:2      | Reached XP level 3. HP: 30/30 MP: 3/3
   919 | D:2      | Reached XP level 4. HP: 34/37 MP: 4/4
   989 | D:2      | Found an ancient bone altar of Kikubaaqudgha.
  1060 | D:2      | Noticed Natasha
  1067 | D:2      | Killed Natasha
  1713 | D:3      | Reached XP level 5. HP: 34/42 MP: 5/5
  1755 | D:3      | Found Xukir's Distillery.
  1758 | D:3      | Bought a potion of curing for 36 gold pieces
  2307 | D:4      | Reached skill level 1 in Armour
  2307 | D:4      | Reached skill level 5 in Unarmed Combat
  2422 | D:4      | Reached XP level 6. HP: 50/50 MP: 6/6
  2542 | D:4      | HP: 1/50 [ogre/+0 giant spiked club (22)]
  2860 | D:4      | Noticed Ijyb
  2892 | D:4      | Killed Ijyb
  2992 | D:4      | Reached skill level 6 in Unarmed Combat
  3240 | D:4      | Noticed a black bear
  3246 | D:4      | Killed a black bear
  3247 | D:4      | Reached XP level 7. HP: 57/57 MP: 7/7
  3318 | D:4      | Reached skill level 1 in Stealth
  3320 | D:5      | Entered Level 5 of the Dungeon
  3342 | D:5      | Reached skill level 7 in Unarmed Combat
  3541 | D:5      | Reached skill level 1 in Evocations
  3638 | D:5      | Found a staircase to the Ecumenical Temple.
  3679 | Temple   | Entered the Ecumenical Temple
  3749 | Temple   | Became a worshipper of Gozag Ym Sagoz the Greedy
  3802 | D:5      | Found an ancient bone altar of Kikubaaqudgha.
  4002 | D:5      | Noticed Edmund
  4005 | D:5      | Edmund changed into Edmund the acid dragon
  4005 | D:5      | Noticed Edmund
  4013 | D:5      | Killed Edmund the acid dragon
  4014 | D:5      | Reached XP level 8. HP: 22/63 MP: 8/8
  4165 | D:5      | Identified the +5 dagger of Equivalence {protect, Int+3}
  4175 | D:5      | Found a burning altar of Makhleb.
  4238 | D:5      | Reached skill level 8 in Unarmed Combat
  4257 | D:5      | Identified the +2 leather armour of the Forsaken Knaves
                  | {Regen+ rCorr Stlth-}
  4962 | D:6      | Reached skill level 9 in Unarmed Combat
  5563 | D:7      | Found a hide-covered altar of Uskayaw.
  5676 | D:7      | Reached XP level 9. HP: 71/71 MP: 9/9
  5838 | D:7      | Reached skill level 10 in Unarmed Combat
  5948 | D:7      | Reached skill level 5 in Dodging
  6244 | D:8      | Reached skill level 11 in Unarmed Combat
  6465 | D:8      | Reached XP level 10. HP: 32/79 MP: 10/10
  6532 | D:8      | Found a staircase to the Lair.
  6719 | D:8      | Reached skill level 12 in Unarmed Combat
  6897 | D:3      | Bought a potion of might for 48 gold pieces
  6897 | D:3      | Bought a potion of might for 48 gold pieces
  6897 | D:3      | Bought a potion of haste for 120 gold pieces
  7023 | D:8      | Found Madafuu's Antique Weapon Shoppe.
  7026 | D:8      | Found a shimmering blue altar of Sif Muna.
  7048 | D:8      | Found Joaj's Book Shop.
  7093 | D:8      | Found Zinitz's Book Boutique.
  7231 | D:9      | Noticed a two-headed ogre
  7240 | D:9      | Killed a two-headed ogre
  7405 | D:9      | Found a shadowy altar of Dithmenos.
  7704 | D:9      | Reached skill level 13 in Unarmed Combat
  7825 | D:9      | Reached skill level 5 in Fighting
  7924 | D:9      | Noticed a deep elf pyromancer
  7941 | D:9      | Killed a deep elf pyromancer
  8230 | D:10     | Entered Level 10 of the Dungeon
  8243 | D:10     | Noticed Maggie
  8387 | D:9      | Reached XP level 11. HP: 57/88 MP: 11/11
  8395 | D:9      | Reached skill level 5 in Armour
  8439 | D:10     | Noticed Fannar
  8528 | D:9      | Killed Fannar
  8655 | D:10     | Killed Maggie
  8656 | D:10     | Reached skill level 14 in Unarmed Combat
  8785 | D:10     | Found Uggin's Book Emporium.
  9224 | D:10     | Noticed a two-headed ogre
  9331 | D:10     | Noticed Urug
  9401 | D:11     | Noticed a manticore
  9417 | D:11     | Killed a manticore
  9566 | D:12     | Noticed a two-headed ogre
  9750 | D:11     | Reached skill level 15 in Unarmed Combat
  9751 | D:11     | HP: 3/89 [red devil/+0 trident (4)]
  9969 | D:11     | Found a staircase to the Orcish Mines.
 10553 | Orc:1    | Entered Level 1 of the Orcish Mines
 10742 | Orc:2    | Entered Level 2 of the Orcish Mines
 10821 | Orc:2    | Noticed a two-headed ogre
 10858 | Orc:2    | Noticed a two-headed ogre
 10872 | Orc:1    | Killed a two-headed ogre
 10960 | Orc:2    | Noticed a two-headed ogre
 10963 | Orc:1    | Slain by a two-headed ogre

Illustrated notes

Levels and vault maps discovered:
D:1:      amcnicky_arrival_feature_with_door, layout_basic
D:2:      layout_loops_corners, basic_altar, uniq_natasha
D:3:      layout_basic, serial_shops, nicolae_shop_behind_doors,
          minmay_hedge_maze, st_stairs_13
D:4:      minmay_door_path, layout_basic, uniq_ijyb
D:5:      layout_cave_pools, makhleb_grotto_becter,
          mainiacjoe_overflow_concentric_impassable,
          minmay_temple_entry_drinking_statues, minivault_25,
          serial_library_hellmonk_open_square, serial_library_hellmonk_junction,
          chequers_jeans, uniq_edmund
D:6:      layout_cave_pods
D:7:      layout_basic, eat_drink_and_be_merry_uskayaw
D:8:      layout_cave_pools, mainiacjoe_overflow_tiny_flanked,
          dpeg_oklobed_lair, serial_shops, shop, shop,
          nicolae_shop_tiny_statue_garden, minmay_circle_x
D:9:      layout_loops_ring, grunt_dithmenos_shadows, guppyfry_early_elven_hall
D:10:     layout_stronghold, overflow_temple_1_default, serial_shops,
          nicolae_shop_window_shopping, minmay_misc_feat_roman, uniq_fannar,
          uniq_urug, uniq_erolcha, uniq_maggie
D:11:     layout_cave_pools, hiddenorc2_lemuel, minmay_beelzebubs_servants
D:12:     layout_rooms, introduction_to_nature_1, uniq_maurice
Temple:   compressed_dpeg_triangle_lava_temple
Orc:1:    layout_diamond_mine
Orc:2:    st_orc_ogre_mass, layout_caves, gammafunk_ghost_wrathful_warriors,
          basic_altar, nicolae_shop_vocational

Skill      XL: |  1  2  3  4  5  6  7  8  9 10 11 |
---------------+----------------------------------+-----
Dodging        | 3 4 5 6 7 |  7.4
Unarmed Combat | 4 5 6 7 9 11 13 15 | 15.5
Throwing       | 2 |  2.0
Armour         | 1 2 3 4 5 |  5.4
Fighting       | 3 4 5 |  5.9
Stealth        | 1 2 3 4 |  4.7
Evocations     | 1 2 3 |  3.3
Shields        | |  0.8

Action                     |  1- 3 |  4- 6 |  7- 9 | 10-12 || total
---------------------------+-------+-------+-------+-------++-------
  Melee: Unarmed           |    53 |   169 |   332 |   465 ||  1019
         Punch             |     1 |     3 |    16 |    39 ||    59
  Throw: Throwing net      |       |       |     2 |     4 ||     6
 Invoke: Call Merchant     |       |       |       |     2 ||     2
         Potion Petition   |       |       |       |     2 ||     2
  Evoke: Wand              |       |     5 |    21 |    14 ||    40
         Phial of floods   |       |       |       |     2 ||     2
    Use: Potion            |       |     1 |       |     1 ||     2
         Scroll            |       |       |     3 |     7 ||    10
   Stab: Distracted        |       |       |     2 |     2 ||     4
         Held in net/web   |       |       |       |     4 ||     4
 Armour: Leather armour    |    11 |       |   126 |   320 ||   457
         Chain mail        |    15 |   139 |    62 |       ||   216
  Dodge: Dodged            |    34 |    86 |   219 |   348 ||   687
  Block: Other             |       |       |       |    29 ||    29
         Reflection        |       |       |       |     2 ||     2

Table legend: (Time is in decaauts)
 A = Elapsed time spent in this place.
 B = Non-inter-level travel time spent in this place.
 C = Inter-level travel time spent in this place.
 D = Time resting spent in this place.
 E = Time spent auto-exploring this place.
 F = Levels seen in this place.
 G = Mean time per level.
                   A        B        C        D        E       F      G
               +--------+--------+--------+--------+--------+-----+--------+
         Total |  10781 |  10084 |    697 |    893 |   6495 |  15 |  718.7 |
       Dungeon |  10320 |   9664 |    656 |    767 |   6385 |  12 |  860.0 |
        Temple |     84 |     71 |     13 |      0 |      0 |   1 |   84.0 |
  Orcish Mines |    376 |    349 |     27 |    126 |    110 |   2 |  188.0 |
               +--------+--------+--------+--------+--------+-----+--------+

Top non-repeatable levels by time:
     D:9: 1298 daAuts
     D:6: 1107 daAuts
    D:11: 1028 daAuts
     D:5: 1015 daAuts
     D:3: 977 daAuts
    D:10: 971 daAuts
     D:4: 950 daAuts
     D:2: 868 daAuts
     D:7: 860 daAuts
     D:8: 633 daAuts
     D:1: 605 daAuts
   Orc:1: 336 daAuts
  Temple: 84 daAuts
   Orc:2: 40 daAuts
    D:12: 4 daAuts
